 Dungeon Crawl Stone Soup version 0.31-a0-446-g07c4bd200f (webtiles) character file.

Game seed: 12230853957638278995

3532 Ethylacetat the Martial Artist (level 10, -2/84 HPs)
             Began as a Vine Stalker Monk on Aug 3, 2023.
             Slain by an orc warrior
             ... wielding a +0 war axe
              (7 damage)
             ... in a bailey.
             The game lasted 00:09:43 (5131 turns).

Ethylacetat the Martial Artist (Vine Stalker Monk)  Turns: 5131, Time: 00:09:44

Health: -2/84      AC: 25    Str: 12 (14) XL:     10   Next: 8%
Magic:  0/23       EV:  2    Int:  8 (10) God:
Gold:   197        SH:  0    Dex: 21      Spells: 25/25 levels left

rFire   . .          .
                       - Unarmed
rCold   . . .        c - orb {light}
rNeg    . . .        y - melded +0 acid dragon scales
rPois   +            (helmet currently unavailable)
rElec   .            (cloak currently unavailable)
rCorr   .            (gloves currently unavailable)
SInv    .            (boots currently unavailable)
Will    +....        (no amulet)
Stlth   +            h - +4 ring of slaying
HPRegen 1.14/turn    (no ring)
MPRegen 0.18/turn

%: guardian spirit
@: tree-form, attractive, glowing
A: stationary, stasis, torment immunity, boosted hp, (fangs 3), regeneration 1,
magic shield, (antimagic bite), no potion heal 2
a: no special abilities


You were in a bailey.
You were a tree.
You visited 1 branch of the dungeon, and saw 7 of its levels.
You also visited: Bailey.

You collected 197 gold pieces.

Inventory:

Armour
 c - an orb of light (worn)
 y - +0 acid dragon scales (melded)
Jewellery
 h - a +4 ring of slaying (left branch)
 r - a ring of willpower
Wands
 a - a wand of mindburst (11)
 u - a wand of paralysis (12)
Scrolls
 d - a scroll of fear {unknown}
 e - 3 scrolls of brand weapon {unknown}
 f - a scroll of blinking {unknown}
 g - 2 scrolls of silence {unknown}
 j - a scroll of summoning {unknown}
 l - 5 scrolls of identify {unknown}
 n - a scroll of immolation
 s - a scroll of amnesia {unknown}
 w - a scroll of enchant weapon {unknown}
Potions
 i - a potion of resistance
 o - a potion of degeneration
 q - a potion of curing


   Skills:
 + Level 8.1 Fighting
 - Level 2.4 Dodging
 + Level 8.7 Unarmed Combat
 + Level 8.0 Spellcasting


You had 25 spell levels left.
You didn't know any spells.
Your spell library contained the following spells:

 Spells                   Type           Power      Damage    Failure   Level
 Necrotise                Necr           12%        1d4       19%         1
 Sting                    Tmut/Pois      12%        1d3       19%         1
 Poisonous Vapours        Pois/Air       6%         N/A       28%         2
 Hailstorm                Conj/Ice       3%         3d3       50%         3
 Mephitic Cloud           Conj/Pois/Air  3%         N/A       50%         3
 Vampiric Draining        Necr           3%         2d6       50%         3
 Dispel Undead            Necr           3%         3d7       88%         4
 Olgreb's Toxic Radiance  Pois           3%         N/A       88%         4
 Summon Ice Beast         Ice/Summ       3%         N/A       88%         4
 Agony                    Necr           3%         N/A       99%         5
 Simulacrum               Ice/Necr       1%         N/A       100%        6


Dungeon Overview and Level Annotations

Branches:
Dungeon (7/15)             Temple (0/1) D:7          Bailey (1/1)

Altars:
Gozag
Wu Jian

Shops:
D:1 !


Innate Abilities, Weirdness & Mutations

You are a tree.
Your roots penetrate the ground, keeping you stationary.
You cannot be teleported.
You are immune to unholy pain and torment.
Your maximum health is greatly increased.
Your equipment is partially melded.
((You have razor-sharp teeth.))
Your natural rate of healing is unusually fast.
When hurt, damage is shared between your health and your magic reserves.
((Your bite disrupts and absorbs the magic of your enemies.))
Potions cannot restore your health.


Message History

* * * LOW HITPOINT WARNING * * *
The hobgoblin hits you but does no damage.
The goblin hits you but does no damage.
You pummel the goblin!!
You kill the goblin!
The hobgoblin hits you but does no damage. x4
A hobgoblin comes into view. It is wielding a +0 hand axe.
The hobgoblin is attracted toward you.
The hobgoblin shouts!
You hit the orc warrior.
The orc warrior is lightly wounded.
Your enlightenment fades.
The hobgoblin is attracted toward you.
You hit the orc warrior.
The orc warrior is moderately wounded.
The hobgoblin hits you but does no damage.
The hobgoblin hits you with a +0 hand axe.
* * * LOW HITPOINT WARNING * * *
The hobgoblin hits you but does no damage.
The orc warrior hits you but does no damage.
The hobgoblin hits you but does no damage.
You smack the orc warrior!
The orc warrior is heavily wounded.
The hobgoblin barely misses you.
The hobgoblin hits you but does no damage. x2
The orc warrior hits you but does no damage.
The hobgoblin hits you with a +0 hand axe.
* * * LOW HITPOINT WARNING * * *
Okay, then.
You hit the orc warrior but do no damage.
The orc warrior is heavily wounded.
The hobgoblin hits you but does no damage. x3
The orc warrior hits you with a +0 war axe.
* * * LOW HITPOINT WARNING * * *
The hobgoblin hits you but does no damage.
You smack the orc warrior!
The orc warrior is almost dead.
The hobgoblin hits you but does no damage. x3
The orc warrior hits you with a +0 war axe!
You die...

#.....)... ##
###........ ##.##
###.###.....# .....##
###.....#'#.###
.......###.......).###
........#........)..#
......go#........)).#
..⌠..ggo#.....⌠.....#
.....og♣'...........#
......gg#...........#
.......###.........##
.....## ###.....###
##.## ###.### # ###


You could see 2 orc warriors, a gnoll, an orc and 5 hobgoblins.

Vanquished Creatures
  Pikel (D:4)
  Maggie (D:6)
  Eustachio (D:4)
  Menkaure (D:6)
  2 water moccasins
  3 orc warriors
  3 ice beasts
  A black bear (D:5)
  An ogre (D:5)
  A lemure (D:4)
  A phantom (D:5)
  A bullfrog (D:6)
  5 scorpions
  4 wights (D:6)
  3 jellies
  3 orc priests
  5 hounds
  Jessica (D:2)
  4 iguanas
  A sleepcap (D:5)
  6 orc wizards
  8 adders
  12 gnolls
  A shadow imp (D:5)
  A white imp (D:7)
  2 worms
  2 dart slugs
  35 orcs
  3 endoplasms
  2 giant cockroaches
  10 goblins
  12 hobgoblins
  3 jackals (D:2)
  5 kobolds
  5 quokkas
  4 ball pythons
  4 bats
  2 frilled lizards (D:2)
  2 rats
162 creatures vanquished.

Notes
Turn   | Place    | Note
-------+----------+-------------------------------------------
     0 | D:1      | Ethylacetat the Vine Stalker Monk began the quest for the
                  | Orb.
     0 | D:1      | Reached XP level 1. HP: 11/11 MP: 2/2
    39 | D:1      | Found Muolurun's Distillery.
   190 | D:1      | Found a faded altar of an unknown god.
   238 | D:1      | Reached XP level 2. HP: 15/16 MP: 2/4
   525 | D:1      | Reached skill level 1 in Spellcasting
  1291 | D:2      | Reached XP level 3. HP: 20/20 MP: 3/5
  1357 | D:2      | Noticed Jessica
  1377 | D:2      | Killed Jessica
  1722 | D:2      | Gained mutation: Your natural rate of healing is unusually
                  | fast. [Vine Stalker growth]
  1722 | D:2      | Reached XP level 4. HP: 24/24 MP: 7/7
  1832 | D:3      | Reached XP level 5. HP: 9/29 MP: 7/9
  1901 | D:3      | Found an ornate altar of the Wu Jian Council.
  2036 | D:3      | Reached XP level 6. HP: 15/33 MP: 3/11
  2737 | D:4      | Noticed Eustachio
  2762 | D:4      | Killed Eustachio
  2793 | D:4      | Reached XP level 7. HP: 32/38 MP: 10/13
  2813 | D:4      | Reached skill level 5 in Unarmed Combat
  2839 | D:4      | Noticed Pikel
  2858 | D:4      | Killed Pikel
  2859 | D:4      | Reached skill level 5 in Fighting
  2859 | D:4      | Gained mutation: You have razor-sharp teeth. [Vine Stalker
                  | growth]
  2859 | D:4      | Reached XP level 8. HP: 24/44 MP: 10/16
  2942 | D:4      | Reached skill level 5 in Spellcasting
  3483 | D:5      | Entered Level 5 of the Dungeon
  3963 | D:5      | Reached XP level 9. HP: 49/49 MP: 19/19
  4460 | D:5      | Found an opulent altar of Gozag.
  4726 | D:6      | Noticed Maggie
  4741 | D:6      | Killed Maggie
  4790 | D:6      | Noticed Menkaure
  4795 | D:6      | Killed Menkaure
  4916 | D:6      | You fall into a shaft and drop 1 floor!
  4980 | D:7      | HP: 1/51 [orc warrior/+0 war axe (7)]
  5004 | D:7      | Reached XP level 10. HP: 23/56 MP: 22/22
  5007 | D:7      | Got Raclefuvo's Atlas of Lamentation and the Nimbus
  5021 | D:7      | Found a flagged portal.
  5033 | Bailey   | Entered a bailey
  5130 | Bailey   | HP: 4/84 [orc warrior/+0 war axe (3)]
  5131 | Bailey   | Slain by an orc warrior

Illustrated notes

Levels and vault maps discovered:
D:1:      dpeg_arrival_signposts, layout_basic,
          chequers_ecumenical_altar_island, serial_shops, shop
D:2:      layout_basic, nicolae_grassy_gnolls, uniq_jessica
D:3:      layout_loops_ring, nicolae_wu_jian_wuxing_cycle
D:4:      layout_loops_cross, nicolae_houndstooth_variations, uniq_eustachio,
          uniq_pikel
D:5:      layout_loops_corners, nicolae_gozag_seed_capital,
          nicolae_twisty_statue_hallways
D:6:      layout_rooms, uniq_edmund, uniq_maggie, uniq_menkaure
D:7:      layout_basic, mainiacjoe_overflow_24_doors,
          minmay_temple_entry_nine_rooms, enter_bailey_3, uniq_duvessa
Bailey:   bailey_axe_minmay_hex_keep, bailey

Skill      XL: |  1  2  3  4  5  6  7  8  9 10 |
---------------+-------------------------------+-----
Spellcasting   | 1 2 3 4 6 7 8 |  8.0
Fighting       | 3 4 5 6 7 8 |  8.1
Unarmed Combat | 4 5 7 8 |  8.7
Dodging        | |  2.4

Action                     |  1- 3 |  4- 6 |  7- 9 | 10-12 || total
---------------------------+-------+-------+-------+-------++-------
  Melee: Unarmed           |    58 |    96 |   223 |    41 ||   418
         Bite              |    16 |    32 |    77 |     8 ||   133
    Use: Potion            |       |       |     6 |     6 ||    12
         Scroll            |       |       |     2 |       ||     2
   Stab: Sleeping          |     1 |       |       |       ||     1
 Armour: Robe              |     9 |     7 |     6 |       ||    22
         Scale mail        |       |       |    26 |       ||    26
         Acid dragon scale |       |       |    12 |     6 ||    18
         Skin              |       |       |       |    43 ||    43
  Dodge: Dodged            |    36 |    69 |   102 |    26 ||   233

Table legend: (Time is in decaauts)
 A = Elapsed time spent in this place.
 B = Non-inter-level travel time spent in this place.
 C = Inter-level travel time spent in this place.
 D = Time resting spent in this place.
 E = Time spent auto-exploring this place.
 F = Levels seen in this place.
 G = Mean time per level.
                   A        B        C        D        E       F      G
               +--------+--------+--------+--------+--------+-----+--------+
         Total |   5073 |   4884 |    189 |      0 |   4019 |   8 |  634.1 |
       Dungeon |   4981 |   4792 |    189 |      0 |   3972 |   7 |  711.6 |
        Bailey |     92 |     92 |      0 |      0 |     47 |   1 |   92.0 |
               +--------+--------+--------+--------+--------+-----+--------+

Top non-repeatable levels by time:
     D:1: 1230 daAuts
     D:5: 1131 daAuts
     D:4: 827 daAuts
     D:3: 805 daAuts
     D:2: 591 daAuts
     D:6: 284 daAuts
     D:7: 111 daAuts
  Bailey: 92 daAuts
